 Dungeon Crawl Stone Soup version 0.28-a0-828-g0121872642 (webtiles) character file.

Game seed: 3945451955665074384

65 vurker the Gusty (level 3, 15/15 HPs)
             Began as a Felid Air Elementalist on Nov 10, 2021.
             Quit the game on level 3 of the Dungeon.
             The game lasted 00:04:01 (3328 turns).

vurker the Gusty (Felid Air Elementalist)           Turns: 3328, Time: 00:04:01

Health: 15/15      AC:  1    Str:  4    XL:     3   Next: 94%
Magic:  8/8        EV: 17    Int: 17    God:
Gold:   75         SH:  0    Dex: 16    Spells: 7/8 levels left
                                        Lives:  0   Deaths: 1

rFire   . . .      SeeInvis +   (weapon unavailable)
rCold   . . .      Faith    .   (shield unavailable)
rNeg    . . .      Spirit   .   (armour unavailable)
rPois   .          Reflect  .   (helmet unavailable)
rElec   .          Harm     .   (cloak unavailable)
rCorr   .          Rampage  .   (gloves unavailable)
Will    .....                   (boots unavailable)
Stlth   ++........              (no amulet)
HPRegen 0.05/turn               (no ring)
MPRegen 0.11/turn               (no ring)

@: quick
A: very small, claws 1, fangs 3, see invisible, speed 1, shaggy fur 1, stealthy
paws, no weapons or thrown items, no armour, multi-lived
a: no special abilities


You were on level 3 of the Dungeon.
You visited 1 branch of the dungeon, and saw 3 of its levels.

You collected 75 gold pieces.

Inventory:

Scrolls
 c - a scroll of immolation {unknown}
 d - 2 scrolls of identify {unknown}
 e - a scroll of noise {unknown}
 g - a scroll of brand weapon {unknown}
Potions
 a - a potion of attraction {unknown}
 b - a potion of lignification {unknown}
 f - 2 potions of curing {unknown}
 h - a potion of haste {unknown}


   Skills:
 + Level 1.6 Fighting
 - Level 2.6 Dodging
 - Level 2.6 Stealth
 * Level 3.1 Spellcasting
 + Level 1.9 Conjurations
 * Level 3.7 Air Magic


You had 7 spell levels left.
You knew the following spells:

 Your Spells              Type           Power      Damage    Failure   Level
a - Shock                 Conj/Air       48%        1d6       5%          1

Your spell library contained the following spells:

 Spells                   Type           Power      Damage    Failure   Level
 Static Discharge         Conj/Air       12%        N/A       9%          2
 Swiftness                Air            15%        N/A       11%         3
 Airstrike                Air            7%         N/A       36%         4
 Inner Flame              Hex/Fire       2%         N/A       45%         3
 Ozocubu's Armour         Ice            2%         N/A       45%         3
 Cause Fear               Hex            1%         N/A       86%         4
 Metabolic Englaciation   Hex/Ice        1%         N/A       99%         5
 Simulacrum               Ice/Necr       1%         N/A       100%        6
 Discord                  Hex            1%         N/A       100%        8


Dungeon Overview and Level Annotations

Branches:
Dungeon (3/15)

Altars:

Shops:
D:1 [

Annotations:
D:3 Grinder, Robin


Innate Abilities, Weirdness & Mutations

You have sharp claws.
You have razor-sharp teeth.
You have supernaturally acute eyesight. (SInv)
You cover ground quickly. (Speed+)
You are covered in fur. (AC +1)
Your paws help you pounce on unaware monsters.
You are incapable of wielding weapons or throwing items.
You cannot wear armour.
You gain extra lives every three experience levels.


Message History

You miscast Shock.
You are very lightly contaminated with residual magic.
Nothing appears to happen.
Aim: an orc wizard, wielding a +0 dagger and wearing a +0 robe (heavily wounded, 60% to hit)
The zap hits the orc wizard but does no damage.
The zap hits the orc.
Aim: an orc wizard, wielding a +0 dagger and wearing a +0 robe (heavily wounded, 60% to hit)
The zap misses the orc wizard.
The zap hits the orc.
You kill the orc!
You hear a splash.
Aim: an orc wizard, wielding a +0 dagger and wearing a +0 robe (heavily wounded, 60% to hit)
The zap misses the orc wizard.
The orc wizard splashes around in the water.
Robin of the Strong Arm comes into view.
They are wielding a +0 dagger.
The orc wizard barely misses you.
Robin shouts!
You hear a shout!
Robin throws the goblin at you!
A goblin comes into view. It is wielding a +0 dagger.
Your magical contamination has completely faded away.
You see here a +0 falchion.
The orc wizard gestures at you while chanting.
You are confused.
The goblin shouts!
You hear a shout! x2
You're too confused to move!
You feel less confused. The orc wizard misses you.
Robin roars a battlecry!
The goblins go into a battle-frenzy!
You hear a shout! x2
Aim: an orc wizard, wielding a +0 dagger and wearing a +0 robe (heavily wounded, 60% to hit)
The zap hits the orc wizard.
The zap hits the orc.
The orc wizard hits you with a +0 dagger.
Aim: an orc wizard, wielding a +0 dagger and wearing a +0 robe (severely wounded, 60% to hit)
The zap misses the orc wizard.
The zap misses the orc.
The zap hits the goblin.
You kill the goblin!
The orc wizard closely misses you.
You don't have enough magic to cast this spell.
The orc wizard gestures at you while chanting.
The magic dart hits you!
Ouch! That really hurt!
* * * LOW HITPOINT WARNING * * *
Robin's horned helmet rattles.
The orc wizard casts a spell at you. The magic dart hits you.
You die...
You are now level 3!
You rejoin the land of the living...
Unknown command.
Okay, then.

#.#.....##
#######..#...##
##.......<###.#
###.....##....#.#
....(.#.##..#.#.#
........))..##.#
...##..#.##.##.#
...#.##.#..##.##.#
.......@....รท.##.#
.....#..#..)..##.#
#..#..#....##......
# .......).#######.
#.##.##.#.## .
##.##.#.#
........##
.>.......# #..
.####.##.### ..#


There were no monsters in sight!

Vanquished Creatures
  4 gnolls (D:2)
  4 adders
  2 worms
  A dart slug (D:1)
  5 orcs (D:3)
  2 ball pythons
  2 giant cockroaches
  6 goblins
  6 hobgoblins
  2 jackals (D:2)
  2 quokkas (D:1)
  4 bats
  2 frilled lizards (D:1)
  3 kobolds
  5 rats
50 creatures vanquished.

Vanquished Creatures (others)
  13 plants (D:3)
13 creatures vanquished.

Grand Total: 63 creatures vanquished

Notes
Turn   | Place    | Note
-------+----------+-------------------------------------------
     0 | D:1      | vurker the Felid Air Elementalist began the quest for the
                  | Orb.
     0 | D:1      | Reached XP level 1. HP: 7/7 MP: 4/4
   120 | D:1      | Reached skill level 1 in Conjurations
   285 | D:1      | Found Mitav's Antique Armour Shop.
   499 | D:1      | Reached XP level 2. HP: 12/12 MP: 0/6
   862 | D:1      | Found a faded altar of an unknown god.
   879 | D:1      | You fall into a shaft and drop 1 floor!
  1507 | D:2      | Reached XP level 3. HP: 15/15 MP: 1/7
  1584 | D:2      | Reached skill level 1 in Fighting
  2007 | D:2      | Reached XP level 4. HP: 10/19 MP: 1/9
  2880 | D:3      | Noticed Grinder
  3302 | D:3      | Noticed Robin
  3327 | D:3      | Killed from afar by an orc wizard
  3328 | D:3      | Reached XP level 3. HP: -1/15 MP: 0/8
  3328 | D:3      | Quit the game

Illustrated notes

Levels and vault maps discovered:
D:1:      lemuel_arrival_tunnels, layout_loops_cross, serial_shops, shop,
          ebering_ecumenical_altar_petrified
D:2:      layout_loops_cross
D:3:      layout_rooms, hangedman_abyss_or_decor_lesser_grid,
          grunt_decor_mini_mirrors, serial_bayou_lagoon_b, uniq_robin,
          uniq_grinder

Skill      XL: |  1  2  3  4 |
---------------+-------------+-----
Conjurations   | 1 |  1.9
Air Magic      | 3 |  3.7
Fighting       | 1 |  1.6
Spellcasting   | 3 |  3.1
Dodging        | |  2.6
Stealth        | |  2.6

Action                   |  1- 3 |  4- 6 || total
-------------------------+-------+-------++-------
Melee: Unarmed           |    12 |     1 ||    13
 Cast: Shock             |    65 |    73 ||   138
Armor: Skin              |     3 |       ||     3
Dodge: Dodged            |    19 |     9 ||    28

Table legend: (Time is in decaauts)
 A = Elapsed time spent in this place.
 B = Non-inter-level travel time spent in this place.
 C = Inter-level travel time spent in this place.
 D = Time resting spent in this place.
 E = Time spent auto-exploring this place.
 F = Levels seen in this place.
 G = Mean time per level.
                   A        B        C        D        E       F      G
               +--------+--------+--------+--------+--------+-----+--------+
         Total |   3005 |   2812 |    193 |    103 |   2302 |   3 | 1001.7 |
       Dungeon |   3005 |   2812 |    193 |    103 |   2302 |   3 | 1001.7 |
               +--------+--------+--------+--------+--------+-----+--------+

Top non-repeatable levels by time:
     D:2: 1359 daAuts
     D:1: 1249 daAuts
     D:3: 396 daAuts
